 Dungeon Crawl Stone Soup version 0.24-a0-528-g98e85ec62a (webtiles) character file.

Game seed: 4462954510989910115

11 Mithandil the Firebug (level 2, -1/20 HPs)
             Began as a Draconian Fire Elementalist on Aug 6, 2019.
             Slain by a leopard gecko (4 damage)
             ... on level 1 of the Dungeon.
             The game lasted 00:02:57 (133 turns).

Mithandil the Firebug (Draconian Fire Elementalist)  Turns: 133, Time: 00:02:58

Health: -1/20      AC:  4    Str: 10    XL:     2   Next: 13%
Magic:  1/5        EV: 12    Int: 15    God:
Gold:   14         SH:  0    Dex: 11    Spells: 4/5 levels left

rFire    . . .     SeeInvis .   a - +2 dagger (freeze)
rCold    . . .     Gourm    .   (no shield)
rNeg     . . .     Faith    .   (armour unavailable)
rPois    .         Spirit   .   (helmet restricted)
rElec    .         Reflect  .   (no cloak)
rCorr    .         Harm     .   (no gloves)
MR       .....                  (no boots)
Stlth    ++........             (no amulet)
HPRegen  0.06/turn              (no ring)
MPRegen  0.09/turn              (no ring)

@: very slightly contaminated
A: unfitting armour, cold-blooded, AC +4
a: no special abilities


You were on level 1 of the Dungeon.
You were not hungry.

You visited 1 branch of the dungeon, and saw 1 of its levels.

You collected 14 gold pieces.

Inventory:

Hand Weapons
 a - a +2 dagger of freezing (weapon)
Scrolls
 c - a scroll of identify {unknown}
 e - a scroll of blinking {unknown}
 f - a scroll of fear {unknown}
 g - a scroll of teleportation {unknown}
Potions
 h - a potion of cancellation {unknown}
 i - a potion of lignification {unknown}
Comestibles
 b - 2 rations
 d - 3 chunks of flesh


   Skills:
 + Level 0.3 Fighting
 + Level 0.2 Short Blades
 + Level 1.8 Dodging
 + Level 1.9 Stealth
 * Level 2.1 Spellcasting
 * Level 1.3 Conjurations
 * Level 3.1 Fire Magic


You had 4 spell levels left.
You knew the following spells:

 Your Spells              Type           Power        Failure   Level  Hunger
a - Flame Tongue          Conj/Fire      #....        9%          1    #......

Your spell library contained the following spells:

 Spells                   Type           Power        Failure   Level  Hunger
 Throw Flame              Conj/Fire      #.....       13%         2    ###....
 Conjure Flame            Conj/Fire      #.......     26%         3    ###....
 Inner Flame              Hex/Fire       #.......     34%         3    ###....
 Sticky Flame             Conj/Fire      #.......     65%         4    #####..
 Fireball                 Conj/Fire      #.........   94%         5    ######.


Dungeon Overview and Level Annotations

Branches:
Dungeon (1/15)

Altars:


Innate Abilities, Weirdness & Mutations

Your plain brown scales are hard. (AC +4)
You cannot fit into any form of body armour.
You are cold-blooded and may be slowed by cold attacks.


Message History

The bat misses you.
You hit the dart slug. You freeze the dart slug.
The dart slug is severely wounded.
The bat closely misses you.
The leopard gecko bites you but does no damage.
The dart slug launches a dart at you. The slug dart misses you.
You hit the dart slug. You freeze the dart slug.
You kill the dart slug!
The kobold closely misses you. The leopard gecko bites you.
* * * LOW HITPOINT WARNING * * *
You miss the kobold. The bat barely misses you.
The bat hits you but does no damage. The leopard gecko misses you.
The kobold hits you with a +0 whip.
* * * LOW HITPOINT WARNING * * *
The leopard gecko barely misses you.
You hit the kobold but do no damage. The bat misses you.
The bat hits you but does no damage. The kobold closely misses you.
The leopard gecko bites you.
You die...

#.⌠...<...⌠.#
#...........#
#...........#
##..#####..##
#... #...#
#...###...#
#####..[#...##
....##Kb...##
......#@.###
......l†##
.......##
.......
.......
.......
.......
.......
.......


You could see a leopard gecko, a bat and a kobold.

Vanquished Creatures
  A dart slug (D:1)
  2 goblins (D:1)
  2 hobgoblins (D:1)
  2 bats (D:1)
  A kobold (D:1)
8 creatures vanquished.

Notes
Turn   | Place    | Note
-------+----------+-------------------------------------------
     0 | D:1      | Mithandil the Draconian Fire Elementalist began the quest
                  | for the Orb.
     0 | D:1      | Reached XP level 1. HP: 14/14 MP: 3/3
   129 | D:1      | Reached XP level 2. HP: 7/20 MP: 1/5
   133 | D:1      | Slain by a leopard gecko

Levels and vault maps discovered:
D:1:      dpeg_arrival_arbitrary_c, layout_rooms, corexii_leaking_fountain,
          dk_noncrumbling_3, minmay_misc_feat_roman, minmay_misc_feat_rugged,
          minmay_misc_feat_five

Action                   || total
-------------------------++-------
Melee: Dagger            ||    19
       Tailslap          ||     1
 Cast: Flame Tongue      ||     8
Armor: Skin              ||    19
Dodge: Dodged            ||    32

Table legend:
 A = Non-vault XP
 B = Vault XP
 C = Vault XP percentage of total XP
 D = Non-vault monster count
 E = Vault monster count
 F = Vault count percentage of total count
                 A         B        C        D         E       F
            +---------+---------+-------+---------+---------+-------
      Total |      16 |       0 |   0.0 |       8 |       0 |   0.0
            +---------+---------+-------+---------+---------+-------
        D:1 |      16 |       0 |   0.0 |       8 |       0 |   0.0
            +---------+---------+-------+---------+---------+-------
